 Dungeon Crawl Stone Soup version 0.31-a0-851-g7ff8af7976 (webtiles) character file.

Game seed: 10523321827578481942

78059 Kurtz the Basher (level 15, -32/108 HPs)
             Began as a Mummy Delver on Oct 6, 2023.
             Was the Champion of Makhleb.
             Killed from afar by Jorgrun (42 damage)
             ... with an iron shot
             ... on level 2 of the Lair of Beasts.
             The game lasted 01:05:24 (26827 turns).

Kurtz the Basher (Mummy Delver)                    Turns: 26827, Time: 01:05:26

Health: -32/108    AC: 21    Str: 21    XL:     15   Next: 17%
Magic:  4/18       EV: 10    Int: 12    God:    Makhleb [******]
Gold:   161        SH: 18    Dex: 17    Spells: 14/14 levels left

rFire   + + +        P - +8 broad axe (protect)
rCold   + . .        a - +0 tower shield
rNeg    + + +        L - +3 fire dragon scales of Benevolence {rPois rF++ rC- rCorr Dex+3}
rPois   ∞            y - +0 helmet
rElec   .            J - scarf {rC+ rF+}
rCorr   +            x - +1 pair of gloves
SInv    .            n - +0 pair of boots
Will    +....        H - amulet of Hoedyisch {rF+ Regen+ Int+2, holy fu-- sh--}
Stlth   +            k - ring "Nukhy" {rF++ rN+ rCorr Str+4 Dex-5}
HPRegen 1.18/turn    F - +4 ring of protection
MPRegen 0.16/turn

%: faith
@: about to teleport, studying Maces & Flails
A: cold resistance 1, negative energy resistance 3, torment resistance 2, heat
vulnerability 1, in touch with death 2, no potions, faith
a: Renounce Religion, Minor Destruction, Lesser Servant of Makhleb, Major
Destruction, Greater Servant of Makhleb


You were on level 2 of the Lair of Beasts.
You worshipped Makhleb.
Makhleb was exalted by your worship.
You visited 4 branches of the dungeon, and saw 21 of its levels.
You also visited: Gauntlet and Ice Cave.

You collected 2990 gold pieces.
You spent 2829 gold pieces at shops.

Inventory:

Hand Weapons
 u - a +4 flail
 E - a +2 hand axe of freezing
 N - a +2 mace of protection
 P - a +8 broad axe of protection (weapon)
Missiles
 g - 10 boomerangs
 i - 65 poisoned darts
 o - 4 javelins
 q - 8 silver javelins
 G - 3 curare-tipped darts
 I - 8 throwing nets
Armour
 a - a +0 tower shield (worn)
 n - a +0 pair of boots (worn)
 s - the +8 ring mail of the Circus Animal {Dex+3 Slay+2 Stlth+}
   (You found it on level 4 of the Dungeon)

   Dex+3:     It affects your dexterity (+3).
   Slay+2:    It affects your accuracy & damage with ranged weapons and melee
   (+2).
   Stlth+:    It makes you more stealthy.
 x - a +1 pair of gloves (worn)
 y - a +0 helmet (worn)
 J - a scarf of resistance (worn)
 L - the +3 fire dragon scales of Benevolence (worn) {rPois rF++ rC- rCorr Dex+3}
   (You bought it in a shop on level 2 of the Orcish Mines)

   Dex+3:     It affects your dexterity (+3).
   rF++:      It greatly protects you from fire.
   rC-:       It makes you vulnerable to cold.
   rPois:     It protects you from poison rCorr: It protects you from acid and
   corrosion.
 X - +2 acid dragon scales
Jewellery
 j - a ring of ice
 k - the ring "Nukhy" (left hand) {rF++ rN+ rCorr Str+4 Dex-5}
   (You found it in an ice cave)

   [ring of positive energy]

   Str+4:     It affects your strength (+4).
   Dex-5:     It affects your dexterity (-5).
   rF++:      It greatly protects you from fire.
   rN+:       It protects you from negative energy.
   rCorr:     It protects you from acid and corrosion.
 w - a ring of willpower
 F - a +4 ring of protection (right hand)
 H - the amulet of Hoedyisch (around neck) {rF+ Regen+ Int+2, holy fu-- sh--}
   (You found it in a Gauntlet)

   [amulet of regeneration]

   Int+2:     It affects your intelligence (+2).
   rF+:       It protects you from fire.
   Regen+:    It increases your rate of health regeneration.
 R - a ring of protection from fire
Wands
 b - a wand of flame (7)
 f - a wand of digging (8)
 r - a wand of light (3) (quivered)
 K - a wand of polymorph (24)
 U - a wand of mindburst (10)
Scrolls
 c - a scroll of fog
 d - 2 scrolls of revelation
 e - 2 scrolls of fear
 h - 3 scrolls of vulnerability
 l - 5 scrolls of teleportation
 p - 6 scrolls of noise
 v - 2 scrolls of immolation
 z - a scroll of poison
 A - 3 scrolls of amnesia
 D - 6 scrolls of enchant armour
 O - a scroll of silence
 Q - a scroll of butterflies
 S - 3 scrolls of identify
Miscellaneous
 M - a phial of floods
 V - a phantom mirror


   Skills:
 * Level 7.2 Fighting
 * Level 12.3(15.0) Axes
 - Level 14.0(15.8) Maces & Flails
 - Level 4.3 Armour
 - Level 5.5 Dodging
 - Level 4.1 Stealth
 - Level 11.4 Shields
 * Level 4.3 Invocations


You had 14 spell levels left.
You didn't know any spells.
Your spell library contained the following spells:

 Spells                   Type           Power      Damage    Failure   Level
 Apportation              Tloc           0%         N/A       98%         1
 Freeze                   Ice            0%         1d3       98%         1
 Slow                     Hex            0%         N/A       98%         1
 Jinxbite                 Hex            0%         N/A       99%         2
 Lesser Beckoning         Tloc           0%         N/A       99%         2
 Static Discharge         Conj/Air       0%         2-2/arc   99%         2
 Confusing Touch          Hex            0%         N/A       100%        3
 Frozen Ramparts          Ice            0%         1d1       100%        3
 Gell's Gravitas          Tloc           0%         N/A       100%        3
 Hailstorm                Conj/Ice       0%         3d3       100%        3
 Ozocubu's Armour         Ice            0%         N/A       100%        3
 Sigil of Binding         Hex            0%         N/A       100%        3
 Summon Guardian Golem    Hex/Summ       0%         N/A       100%        3
 Teleport Other           Tloc           0%         N/A       100%        3
 Tukima's Dance           Hex            0%         N/A       100%        3
 Vampiric Draining        Necr           0%         2d6       100%        3
 Airstrike                Air            0%         2d(0-16)  100%        4
 Anguish                  Hex/Necr       0%         N/A       100%        4
 Cause Fear               Hex            0%         N/A       100%        4
 Passage of Golubria      Tloc           0%         N/A       100%        4
 Summon Ice Beast         Ice/Summ       0%         N/A       100%        4
 Summon Lightning Spire   Summ/Air       0%         N/A       100%        4
 Vhi's Electric Charge    Tloc/Air       0%         N/A       100%        4
 Alistair's Intoxication  Tmut/Pois      0%         N/A       100%        5
 Arcjolt                  Conj/Air       0%         1d10      100%        5
 Metabolic Englaciation   Hex/Ice        0%         N/A       100%        5
 Summon Mana Viper        Hex/Summ       0%         N/A       100%        5
 Yara's Violent Unravell  Hex/Tmut       0%         3d3       100%        5
 Simulacrum               Ice/Necr       0%         N/A       100%        6
 Enfeeble                 Hex            0%         N/A       100%        7
 Monstrous Menagerie      Summ           0%         N/A       100%        7
 Orb of Destruction       Conj           0%         9d5       100%        7
 Spellforged Servitor     Conj/Summ      0%         N/A       100%        7
 Summon Hydra             Summ           0%         N/A       100%        7
 Maxwell's Capacitive Co  Air            0%         ∞         100%        8
 Sublimation of Blood     Necr           Unusable   N/A       N/A         2
 Wereblood                Tmut           Unusable   N/A       N/A         2

Dungeon Overview and Level Annotations

Branches:
Dungeon (13/15)            Temple (0/1) D:6            Lair (5/5) D:10
  Swamp (0/4) Lair:2        Snake (1/4) Lair:2        Slime (0/5) Lair:5
    Orc (2/2) D:9             Elf (0/3) Orc:2         IceCv (visited)
Gauntlet (visited)
 Vaults: D:13-14

Altars:
Hepliaklqana
Makhleb
Ru
Sif Muna
Uskayaw
Wu Jian
Xom

Shops:
D:7 ?   Orc:2 [[*:*

Annotations:
D:7 exclusions: door and downstairs
D:8 exclusion: downstairs
D:11 exclusion: downstairs
D:12 Snorg
D:13 1 transporter, Sonja
Lair:1 exclusion: downstairs
Lair:2 exclusions: 2 doors and 2 downstairs, Jorgrun; Louise
Lair:3 1 runed translucent door, yetimobile's ghost, journeyman HOBe
Lair:5 1 runed translucent door, exclusion: oklob plant
Snake:1 Aizul


Innate Abilities, Weirdness & Mutations

You are immune to poison.
Your flesh is cold resistant. (rC+)
You are immune to negative energy. (rN+++)
You are immune to unholy pain and torment.
You are vulnerable to heat. (rF-)
You are strongly in touch with the powers of death.
You do not drink.
You have a special connection with the divine. (Faith)


Message History

You slash the mana viper! You block the anaconda's attack.
The anaconda constricts you. The mana viper barely misses you.
Your neqoxec hits the mana viper!
The anaconda bites you but does no damage.
The anaconda constricts you.
You closely miss the mana viper.
The mana viper is almost dead.
You barely miss the anaconda. You block the mana viper's attack.
You block the anaconda's attack. The anaconda constricts you.
* * * LOW HITPOINT WARNING * * *
You hear a grinding noise.
The mana viper bites you but does no damage.
Your neqoxec hits the mana viper but does no damage.
You barely miss the mana viper.
The mana viper is almost dead.
You closely miss the anaconda. The anaconda completely misses you.
The anaconda constricts you. You block the mana viper's attack.
The anaconda barely misses you. The anaconda constricts you.
* * * LOW HITPOINT WARNING * * *
Your neqoxec completely misses the mana viper.
You block the mana viper's attack.
As you read the scroll of teleportation, it crumbles to dust.
You feel strangely unstable. The anaconda bites you.
* * * LOW HITPOINT WARNING * * *
The anaconda constricts you. You block the anaconda's attack.
The anaconda constricts you.
* * * LOW HITPOINT WARNING * * *
The mana viper bites you!
* * * LOW HITPOINT WARNING * * *
You feel your power leaking away.
Your neqoxec hits the mana viper.
The mana viper dies!
Makhleb accepts your kill.
As you read the scroll of fear, it crumbles to dust.
You assume a fearsome visage.
Jorgrun easily resists.
The anaconda looks frightened!
Louise looks frightened!
The anaconda loses its grip on you. Jorgrun casts a spell at you.
The iron shot hits you!!!
You die...

####......+.#####~#.).....##
##........### ###.#.....#
...'.......# ####'####
.###(.....## .#..# ##
#.'#...# ## #@#.#####
##.##### #. #...'###P##
#..## #### .#g#.S.....P# #
##...####....#.##.......##
###.#.....PPP##.@#........##
##...............S3........#
...P####.####.####........##
#.### #P..##.## #........##
.## ##...# ###........# ##
#...## #.##.#..+.## ###.#
#........## #.# #^....##.#
#######.## ##+.#.#(#.##


You could see Jorgrun, Louise (fleeing), an anaconda (fleeing, ally target) and
a friendly neqoxec (summoned).

Vanquished Creatures
  An orc warlord (Orc:1)
  Azrael (D:12)
  Harold (Orc:1)
  4 hydras
  A centaur warrior (D:12)
  2 anacondas
  A boulder beetle (D:13)
  9 death yaks
  A two-headed ogre (D:12)
  2 orc high priests (Orc:2)
  Amaemon (Lair:2)
  A necromancer (IceCv)
  4 orc sorcerers
  3 orc knights (Orc:2)
  A manticore (D:8)
  5 elephants
  Maurice (D:11)
  4 cyclopes
  2 ice statues
  4 black mambas
  An apocalypse crab (Gauntlet)
  15 cane toads
  An unseen horror (D:12)
  A gargoyle (D:11)
  4 komodo dragons
  Jeremiah (D:7)
  An orange demon (Lair:2)
  4 rime drakes
  Maggie (D:7)
  4 freezing wraiths (IceCv)
  13 ice devils (IceCv)
  3 kobold demonologists (D:10)
  An anaconda simulacrum (IceCv)
  6 trolls
  2 hornets
  A polar bear (Lair:3)
  2 tyrant leeches (Lair:2)
  19 blink frogs
  Grinder (D:5)
  A water elemental (D:11)
  3 shadows
  Eustachio (D:6)
  A wyvern (Lair:3)
  3 fire elementals (D:12)
  2 basilisks
  51 yaks
  6 death yak simulacra (IceCv)
  6 vampire mosquitoes
  2 wargs
  A naga (Lair:2)
  2 harpy simulacra (IceCv)
  A swamp worm (Lair:2)
  2 acid dragons (D:11)
  12 water moccasins
  3 hydra simulacra (IceCv)
  An ice beast (D:6)
  A hell hound (D:12)
  21 orc warriors
  A sky beast (D:7)
  A swamp drake (Lair:4)
  5 black bears
  5 ogres
  8 wolves
  2 centaurs
  7 kobold brigands
  A phantom (D:3)
  3 gnoll sergeants
  7 bullfrogs
  2 scorpions
  16 wights
  7 cane toad simulacra (IceCv)
  Dowan (D:7)
  20 killer bees
  4 howler monkeys
  4 elephant simulacra (IceCv)
  2 electric eels (D:11)
  Crazy Yiuf (D:3)
  3 jellies
  2 gnoll boudas
  4 hounds
  16 orc priests
  3 sleepcaps
  5 hell rats
  5 iguanas
  13 orc wizards
  2 polar bear simulacra (IceCv)
  2 spriggan simulacra (IceCv)
  A wolf simulacrum (IceCv)
  21 gnolls
  9 adders
  3 naga simulacra (IceCv)
  2 shadow imps (Gauntlet)
  13 white imps
  3 ufetubi
  3 dart slugs
  44 orcs
  13 ball pythons
  3 endoplasms
  4 giant cockroaches
  9 goblins
  9 hobgoblins
  7 jackals
  4 quokkas
  6 bats
  9 frilled lizards
  22 kobolds
  6 rats
593 creatures vanquished.

Vanquished Creatures (collateral kills)
  A minotaur (Gauntlet)
  2 hydras
  A catoblepas (Lair:5)
  A boulder beetle (D:11)
  4 death yaks
  An orc high priest (Orc:2)
  A deep troll shaman (Lair:5)
  A soul eater (Gauntlet)
  A mana viper (Lair:2)
  2 orc knights (Orc:2)
  2 orc sorcerers
  An elephant (Lair:5)
  A black mamba (Lair:4)
  A rime drake (Lair:4)
  Psyche (D:11)
  A komodo dragon (Lair:4)
  4 blink frogs
  A wraith (D:12)
  A yak (Lair:4)
  A basilisk (Lair:5)
  2 vampire mosquitoes (D:11)
  A water moccasin (Lair:4)
  Duvessa (D:7)
  An ogre (Orc:1)
  2 wolves (Lair:5)
  A gnoll sergeant (D:5)
  A bullfrog (Lair:3)
  3 wights (D:8)
  The ghost of bakla the Shooter, a weakling HuHu (D:5)
  A gnoll bouda (D:5)
  2 orc wizards
  5 gnolls
  4 orcs
  3 kobolds
57 creatures vanquished.

Vanquished Creatures (others)
  An orc warrior (Orc:1)
  An orc (Orc:2)
2 creatures vanquished.

Grand Total: 652 creatures vanquished

Notes
Turn   | Place    | Note
-------+----------+-------------------------------------------
     0 | D:5      | Kurtz the Mummy Delver began the quest for the Orb.
     0 | D:5      | Reached XP level 1. HP: 18/18 MP: 1/1
    14 | D:5      | Noticed an iguana
    29 | D:4      | Noticed a phantom
   106 | D:2      | Reached skill level 2 in Maces & Flails
   212 | D:1      | Reached XP level 2. HP: 5/24 MP: 2/2
   539 | D:1      | Found a faded altar of an unknown god.
   814 | D:1      | Reached XP level 3. HP: 29/29 MP: 3/3
  1195 | D:2      | Reached skill level 3 in Maces & Flails
  1285 | D:2      | HP: 1/29 [adder (4)]
  2152 | D:3      | Reached XP level 4. HP: 32/35 MP: 4/4
  2369 | D:3      | Found a runed translucent door.
  2370 | D:3      | Noticed Crazy Yiuf
  2486 | D:3      | Found an ornate altar of the Wu Jian Council.
  2499 | D:3      | Reached skill level 4 in Maces & Flails
  2510 | D:3      | Found a hide-covered altar of Uskayaw.
  2512 | D:3      | Found a sacrificial altar of Ru.
  2514 | D:3      | Found a shimmering altar of Xom.
  2515 | D:3      | Found a hazy altar of Hepliaklqana.
  2517 | D:3      | Found a shimmering blue altar of Sif Muna.
  2521 | D:3      | Found a burning altar of Makhleb.
  2545 | D:3      | Became a worshipper of Makhleb the Destroyer
  3308 | D:4      | Reached XP level 5. HP: 24/41 MP: 5/5
  3394 | D:3      | Killed a phantom
  3395 | D:3      | Reached skill level 5 in Maces & Flails
  3404 | D:3      | Reached XP level 6. HP: 22/47 MP: 6/6
  3507 | D:4      | Identified the +8 ring mail of the Circus Animal {Dex+3
                  | Slay+2 Stlth+}
  3628 | D:4      | Reached * piety under Makhleb
  3822 | D:4      | Reached skill level 1 in Invocations
  4339 | D:5      | Noticed Grinder
  4342 | D:5      | Reached skill level 6 in Maces & Flails
  4349 | D:5      | Killed Grinder
  4350 | D:5      | Reached XP level 7. HP: 52/52 MP: 8/8
  4412 | D:5      | Found a transporter.
  4412 | D:5      | Found a transporter.
  4422 | D:5      | Noticed bakla's ghost (weakling HuHu)
  4821 | D:5      | Reached skill level 7 in Maces & Flails
  5092 | D:6      | Noticed Eustachio
  5225 | D:6      | Reached XP level 8. HP: 55/58 MP: 9/9
  5277 | D:6      | Reached ** piety under Makhleb
  5398 | D:6      | Reached skill level 8 in Maces & Flails
  5566 | D:6      | Found a staircase to the Ecumenical Temple.
  6368 | D:6      | Reached skill level 9 in Maces & Flails
  6637 | D:7      | Noticed Maggie
  6787 | D:7      | Noticed Jeremiah
  6911 | D:6      | Killed Eustachio
  7059 | D:7      | Reached XP level 9. HP: 54/63 MP: 11/11
  7193 | D:7      | Found Rupreal's Magic Scroll Shop.
  7201 | D:7      | Bought a scroll of identify for 28 gold pieces
  7207 | D:7      | Bought a scroll of blinking for 105 gold pieces
  7207 | D:7      | Bought a scroll of teleportation for 42 gold pieces
  7207 | D:7      | Bought a scroll of teleportation for 42 gold pieces
  7566 | D:7      | Noticed Duvessa
  7566 | D:7      | Noticed Dowan
  7848 | D:7      | Reached *** piety under Makhleb
  7925 | D:7      | Reached skill level 10 in Maces & Flails
  8166 | D:8      | Noticed a manticore
  8762 | D:8      | Reached skill level 1 in Armour
  8870 | D:8      | Identified the +1 robe of Vehumet, Grinning {MP+9}
  8879 | D:8      | Identified the +10 glaive "Xogoipsa" {heavy, Stlth+}
  9641 | D:9      | Reached **** piety under Makhleb
  9867 | D:9      | Reached XP level 10. HP: 73/73 MP: 12/12
 10399 | D:9      | Found a staircase to the Orcish Mines.
 10849 | D:9      | Reached skill level 11 in Maces & Flails
 11816 | D:10     | Entered Level 10 of the Dungeon
 11964 | D:7      | Killed Jeremiah
 12150 | D:5      | Killed bakla's ghost
 12179 | D:5      | Reached skill level 12 in Maces & Flails
 12428 | D:10     | Found a staircase to the Lair.
 12428 | D:10     | Noticed a death yak
 12428 | D:10     | Noticed an elephant
 12516 | D:10     | Reached skill level 1 in Shields
 12519 | D:10     | Reached ***** piety under Makhleb
 12602 | D:10     | Reached skill level 13 in Maces & Flails
 13180 | D:10     | Reached XP level 11. HP: 78/78 MP: 13/13
 13578 | D:11     | Noticed Maurice
 13953 | D:11     | Reached skill level 14 in Maces & Flails
 13965 | D:11     | Noticed a boulder beetle
 13970 | D:11     | Killed Maurice
 13988 | D:11     | Killed a boulder beetle
 13999 | D:11     | Noticed Psyche
 14005 | D:11     | Killed Psyche
 14222 | D:11     | Reached skill level 5 in Shields
 14720 | D:12     | Reached skill level 5 in Fighting
 14960 | D:10     | Killed a death yak
 15024 | Lair:1   | Entered Level 1 of the Lair of Beasts
 15371 | Lair:1   | Reached XP level 12. HP: 80/87 MP: 14/14
 15975 | Lair:1   | Reached skill level 5 in Dodging
 16329 | Lair:2   | Noticed a death yak
 16334 | Lair:2   | Noticed a death yak
 16337 | Lair:2   | Noticed a death yak
 16339 | Lair:2   | Noticed a death yak
 16341 | Lair:2   | Noticed a death yak
 16344 | Lair:2   | Killed a death yak
 16355 | Lair:2   | Noticed a death yak
 16364 | Lair:1   | Killed a death yak
 16480 | Lair:1   | Identified a scroll of acquirement
 16515 | Lair:2   | Reached skill level 1 in Axes
 16789 | Lair:2   | Noticed Amaemon
 16924 | Lair:2   | Found a staircase to the Snake Pit.
 16935 | Lair:2   | Killed Amaemon
 16946 | Lair:2   | Reached skill level 5 in Axes
 17119 | Lair:2   | Found a staircase to the Swamp.
 17376 | Lair:2   | Gained mutation: You are strongly in touch with the powers
                  | of death. [Mummy growth]
 17376 | Lair:2   | Reached XP level 13. HP: 93/93 MP: 15/15
 18097 | Lair:3   | Noticed yetimobile's ghost (journeyman HOBe)
 18173 | Lair:3   | Found a gate leading to a gauntlet.
 18189 | Lair:3   | Acquired 765 gold pieces
 18194 | Gauntlet | Entered a Gauntlet
 18194 | Gauntlet | Found a transporter.
 18194 | Gauntlet | Found a runed translucent door.
 18194 | Gauntlet | Found a transporter.
 18194 | Gauntlet | Found a runed translucent door.
 18195 | Gauntlet | Found a transporter.
 18196 | Gauntlet | Found a transporter.
 18199 | Gauntlet | Found a transporter.
 18208 | Gauntlet | Found a transporter.
 18208 | Gauntlet | Found a transporter.
 18209 | Gauntlet | Found a transporter.
 18210 | Gauntlet | Found a transporter.
 18218 | Gauntlet | Found a transporter.
 18222 | Gauntlet | Found a transporter.
 18259 | Gauntlet | Found a transporter.
 18501 | Gauntlet | Identified the amulet of Hoedyisch {rF+ Regen+ Int+2}
 18520 | Gauntlet | Paralysed by an apocalypse crab for 2 turns
 18584 | Gauntlet | Noticed a minotaur
 18590 | Gauntlet | Noticed an Executioner
 18591 | Gauntlet | Noticed an Executioner
 18611 | Gauntlet | Killed a minotaur
 18837 | Lair:3   | Found a runed translucent door.
 20364 | Lair:5   | Entered Level 5 of the Lair of Beasts
 20442 | Lair:5   | Reached skill level 10 in Axes
 20766 | D:7      | Killed Maggie
 20845 | D:7      | Killed Duvessa
 20847 | D:7      | Killed Dowan
 20953 | D:3      | Killed Crazy Yiuf
 21629 | D:12     | Noticed Azrael
 21664 | D:12     | Killed Azrael
 21665 | D:12     | Reached XP level 14. HP: 79/101 MP: 16/16
 21799 | D:12     | Noticed Snorg
 21813 | D:12     | Noticed an Executioner
 22841 | D:13     | Found a transporter.
 22851 | D:13     | Noticed Sonja
 22877 | D:13     | Found a frozen archway.
 22899 | IceCv    | Entered an ice cave
 23078 | IceCv    | Found an ancient bone altar of Kikubaaqudgha.
 23595 | IceCv    | Identified the ring "Nukhy" {rF++ rN+ rCorr Str+4 Dex-5}
 24179 | Lair:5   | Reached ****** piety under Makhleb
 24458 | Lair:5   | Found a runed translucent door.
 24458 | Lair:5   | Noticed an acid blob
 24484 | Lair:5   | Found a staircase to the Slime Pits.
 24535 | Lair:5   | Reached skill level 10 in Shields
 25357 | Orc:1    | Entered Level 1 of the Orcish Mines
 25384 | Orc:1    | Noticed an orc warlord
 25411 | Orc:1    | Noticed Harold
 25424 | Orc:1    | Killed Harold
 25464 | Orc:1    | Killed an orc warlord
 25775 | Orc:2    | Entered Level 2 of the Orcish Mines
 25798 | Orc:2    | Found a staircase to the Elven Halls.
 26040 | Orc:2    | Reached XP level 15. HP: 107/107 MP: 18/18
 26133 | Orc:2    | Found Opsixtan's Armour Shoppe.
 26133 | Orc:2    | Found Innay's Antique Armour Boutique.
 26137 | Orc:2    | Found Venyiv's Assorted Antiques.
 26137 | Orc:2    | Found Paipnix's Book Boutique.
 26155 | Orc:2    | Bought masterwork fire dragon scales for 2405 gold pieces
 26155 | Orc:2    | Identified the +3 fire dragon scales of Benevolence {rPois
                  | rF++ rC- rCorr Dex+3} (You bought it in a shop on level 2
                  | of the Orcish Mines)
 26414 | Orc:2    | Found Foamp's Assorted Antiques.
 26580 | Orc:2    | Bought a glittering silver ring for 115 gold pieces
 26580 | Orc:2    | Identified the ring "Pelicv Loge" {Fly Str+2} (You bought
                  | it in a shop on level 2 of the Orcish Mines)
 26583 | Orc:2    | Bought a scroll of fear for 92 gold pieces
 26728 | Snake:1  | Entered Level 1 of the Snake Pit
 26744 | Snake:1  | Noticed Jorgrun
 26793 | Snake:1  | Noticed Louise
 26796 | Snake:1  | Noticed Aizul
 26827 | Lair:2   | Killed from afar by Jorgrun

Illustrated notes

Levels and vault maps discovered:
D:1:      wander_arrival_chamber, layout_basic, dreamdust_ecumenical_altar_grove
D:2:      layout_loops_ring, minmay_heptomino_d4
D:3:      layout_loops_corners, nicolae_overflow_hallway_of_the_gods,
          uniq_crazy_yiuf_cottage
D:4:      layout_cave_pools
D:5:      minmay_evil_eye, layout_rooms, gammafunk_ghost_gnarly_gnolls,
          uniq_grinder
D:6:      layout_basic, minmay_temple_entry_glassed_door, uniq_eustachio
D:7:      layout_loops_corners, serial_shops, shop, uniq_duvessa, uniq_jeremiah,
          uniq_maggie
D:8:      layout_cave_pools, hangedman_abyss_or_decor_stagger, minivault_24,
          kennysheep_generic_room_4
D:9:      layout_stronghold, kennysheep_orc_monster_closet_entryway
D:10:     layout_stronghold, david_lair_generic
D:11:     layout_basic, uniq_maurice, uniq_psyche
D:12:     layout_basic, uniq_snorg, uniq_azrael
D:13:     layout_long_grid, portal_ice_cave_entry_imps, gammafunk_ghost_arena,
          uniq_sonja
Lair:1:   layout_cave_pods
Lair:2:   layout_roguey, minmay_swamp_entry_worms, guppyfry_snake_entry_island,
          uniq_amaemon
Lair:3:   layout_cave_shapes, hellmonk_ghost_happy_afterlife,
          gauntlet_entry_generic
Lair:4:   layout_layer_cave, beast_lair_carwin_2
Lair:5:   grunt_lair_end_beastmaster, layout_layer_cave, slime_entry_2,
          minmay_lair_oklob_bushes
Snake:1:  layout_basic, uniq_louise, uniq_aizul, uniq_jorgrun
Orc:1:    layout_caves, uniq_harold
Orc:2:    grunt_orc_tribal_feast, layout_caves, basic_altar, serial_shops,
          nicolae_diamond_shop

Skill      XL: |  1  2  3  4  5  6  7  8  9 10 11 12 13 14 15 |
---------------+----------------------------------------------+-----
Maces & Flails | 2 3 4 5 6 7 9 10 13 14 | 14.0
Invocations    | 1 2 3 4 |  4.3
Armour         | 3 4 |  4.3
Dodging        | 2 5 |  5.5
Fighting       | 4 5 6 7 |  7.2
Shields        | 2 7 8 9 11 | 11.4
Axes           | 6 10 11 12 | 12.3
Stealth        | |  4.1

Action                     |  1- 3 |  4- 6 |  7- 9 | 10-12 | 13-15 || total
---------------------------+-------+-------+-------+-------+-------++-------
  Melee: Mace              |   149 |   189 |   121 |   111 |       ||   570
         Punch             |       |     3 |     4 |       |       ||     7
         Flail             |       |       |   134 |   357 |    20 ||   511
         Dire flail        |       |       |    91 |   142 |       ||   233
         Broad axe         |       |       |       |   121 |   892 ||  1013
  Throw: Javelin           |       |     4 |    30 |     8 |     7 ||    49
         Dart              |       |       |    10 |    17 |    14 ||    41
         Throwing net      |       |       |       |     2 |     3 ||     5
         Boomerang         |       |       |       |     5 |     1 ||     6
 Invoke: Minor Destruction |       |       |     1 |    11 |       ||    12
         Lesser Servant of |       |       |     1 |    11 |    34 ||    46
         Major Destruction |       |       |       |     1 |       ||     1
         Greater Servant o |       |       |       |       |     4 ||     4
  Evoke: Wand              |       |       |       |    45 |    17 ||    62
    Use: Scroll            |       |       |     7 |    12 |    15 ||    34
   Stab: Sleeping          |     5 |     6 |     6 |     2 |     6 ||    25
         Distracted        |     1 |     1 |     1 |     2 |    10 ||    15
         Held in net/web   |       |       |       |     3 |       ||     3
         Petrified         |       |       |       |       |     3 ||     3
         Petrifying        |       |       |       |       |     1 ||     1
         Invisible         |       |       |       |       |     1 ||     1
         Fleeing           |       |       |       |       |     1 ||     1
 Armour: Leather armour    |    76 |       |       |       |       ||    76
         Ring mail         |    22 |   149 |   238 |   447 |   687 ||  1543
         Fire dragon scale |       |       |       |       |    63 ||    63
  Dodge: Dodged            |   104 |   158 |   177 |   273 |   425 ||  1137
  Block: Kite shield       |       |       |       |   292 |   466 ||   758
         Tower shield      |       |       |       |       |   178 ||   178

Table legend: (Time is in decaauts)
 A = Elapsed time spent in this place.
 B = Non-inter-level travel time spent in this place.
 C = Inter-level travel time spent in this place.
 D = Time resting spent in this place.
 E = Time spent auto-exploring this place.
 F = Levels seen in this place.
 G = Mean time per level.
                   A        B        C        D        E       F      G
               +--------+--------+--------+--------+--------+-----+--------+
         Total |  26872 |  23794 |   3078 |   4600 |  11959 |  23 | 1168.3 |
       Dungeon |  17532 |  15300 |   2232 |   3551 |   7459 |  13 | 1348.6 |
          Lair |   6659 |   5929 |    730 |    677 |   3409 |   5 | 1331.8 |
     Snake Pit |     43 |     43 |      0 |      3 |     10 |   1 |   43.0 |
  Orcish Mines |   1300 |   1185 |    115 |     49 |    691 |   2 |  650.0 |
      Ice Cave |    804 |    804 |      0 |    147 |    265 |   1 |  804.0 |
      Gauntlet |    532 |    532 |      0 |    172 |    125 |   1 |  532.0 |
               +--------+--------+--------+--------+--------+-----+--------+

Top non-repeatable levels by time:
     D:9: 2144 daAuts
  Lair:2: 2014 daAuts
     D:6: 2007 daAuts
     D:7: 1733 daAuts
     D:8: 1646 daAuts
    D:12: 1626 daAuts
     D:3: 1625 daAuts
  Lair:5: 1470 daAuts
    D:11: 1450 daAuts
  Lair:1: 1386 daAuts
    D:10: 1257 daAuts
     D:5: 1084 daAuts
     D:2: 1051 daAuts
     D:1: 1041 daAuts
  Lair:4: 906 daAuts
